 Dungeon Crawl Stone Soup version bcrawl-1.27.6 (webtiles) character file.

Game seed: 10127252770560797249

321485 Banto the Fighter (level 9, -2/81 HPs)
             Began as a Demigod Wanderer on Sept 21, 2020.
             Slain by a red ugly thing (19 damage)
             ... on level 8 of the Dungeon.
             The game lasted 00:10:47 (6072 turns).

Banto the Fighter (Demigod Wanderer)                Turns: 6072, Time: 00:10:47

Health: -2/81      AC: 16    Str: 19    XL:     9   Next: 65%
Magic:  17/18      EV:  9    Int: 17    God:    Demigod [***...]
Gold:   442        SH:  0    Dex: 22    Spells: 10/11 levels left

rFire    . . .     SeeInvis .   p - +3 hand axe (chop)
rCold    . . .     Gourm    .   (no shield)
rNeg     . . .     Faith    .   m - +0 chain mail
rPois    .         Spirit   .   (no helmet)
rElec    .         Reflect  .   f - +0 cloak
rCorr    .         Harm     .   x - +0 pair of gloves (curse)
MR       +....                  k - +1 pair of boots
Stlth    ..........             i - amulet of regeneration
HPRegen  0.74/turn              s - +4 ring of dexterity
MPRegen  0.16/turn              (no ring)

@: no status effects
A: repulsion field 1, molten scales 1, high mp 1, magic resistance 1
a: Temporal Distortion, Growth, Major Destruction


You were on level 8 of the Dungeon.
You worshipped Demigod.
Demigod was most pleased with you.
You were hungry.

You visited 1 branch of the dungeon, and saw 8 of its levels.

You collected 442 gold pieces.

Inventory:

Hand Weapons
 p - a +3 hand axe of chopping (weapon)
 t - a -1 quarterstaff
Missiles
 q - 214 poisoned tomahawks (quivered)
Armour
 c - a +2 medium shield
 f - a +0 cloak (worn)
 k - a +1 pair of boots (worn)
 m - a +0 chain mail (worn)
 x - a cursed +0 pair of gloves (worn)
Jewellery
 i - an amulet of regeneration (around neck)
 s - a +4 ring of dexterity (left hand)
Wands
 h - a wand of digging (16)
 r - a wand of random effects (11)
Scrolls
 a - a scroll of fear
 d - 3 scrolls of enchant weapon
 g - 3 scrolls of immolation
 l - 2 scrolls of magic mapping
 o - 5 scrolls of identify
 w - a scroll of amnesia
 z - a scroll of fog
 A - a scroll of remove curse
Potions
 b - 2 potions of curing
 j - a potion of flight
 n - a potion of agility
 u - a potion of might
Comestibles
 e - 12 rations {!d}
 v - 7 chunks of flesh


   Skills:
 - Level 8.0 Fighting
 + Level 5.4 Axes
 - Level 2.0 Throwing
 - Level 5.0 Armour
 - Level 1.0 Shields
 - Level 1.9 Spellcasting
   Level 1.0 Conjurations
 - Level 2.0 Ice Magic
 - Level 8.0 Invocations


You had 10 spell levels left.
You knew the following spells:

 Your Spells              Type           Power        Failure   Level  Hunger
a - Freeze                Ice            #.....       65%         1    None

Your spell library contained the following spells:

 Spells                   Type           Power        Failure   Level  Hunger
 Throw Frost              Conj/Ice       #.....       52%         2    ##.....
 Ozocubu's Armour         Chrm/Ice       #.......     98%         3    ####...
 Ice Form                 Ice/Tmut       #.......     100%        4    ######.
 Summon Ice Beast         Ice/Summ       #.......     100%        4    ######.
 Throw Icicle             Conj/Ice       #.......     100%        4    ######.


Dungeon Overview and Level Annotations

Branches:
Dungeon (8/12)             Temple (0/1) D:6
   Lair: D:7-9          Orc: D:8-11

Shops:
D:3 *   D:4 :   D:5 [


Innate Abilities, Weirdness & Mutations

You have an increased reservoir of magic. (+10% MP)
You are surrounded by a mild repulsion field. (EV +2)
You are partially covered in molten scales. (AC +2)
You are resistant to hostile enchantments. (MR+)


Message History

Aiming: Random Effects
Press: ? - help, Shift-Dir - straight line, f - red ugly thing
Aim: a red ugly thing The red ugly thing is shackled.
You hear a zap.
You hear a grinding noise.
You hit the red ugly thing.
The red ugly thing is lightly wounded.
The red ugly thing tail-slaps you!
You are engulfed in flames!
You hit the red ugly thing.
The red ugly thing is lightly wounded.
A worker ant zombie comes into view.
The red ugly thing tail-slaps you.
You are engulfed in flames!!
* * * LOW HITPOINT WARNING * * *
You hit the red ugly thing.
Ssssck.
The red ugly thing is moderately wounded.
The red ugly thing tail-slaps you.
* * * LOW HITPOINT WARNING * * *
You are engulfed in flames!!
You die...
Your divinity fades.

### .#..... ..
.....P.P... # .#
......_...##
#[###.#......P.P...
#FcuPP#............
#....u#@P........#....##
#.###/#P###...Z..#..##.#
..#..........#.....#
#.....#รท..##..#..#...
#.###.#...##..#..#.##
#.....#...##...#.#... ..
#.................
#.###...##..#.#...
#.......###...#)#.


You could see a red ugly thing (shackled), a bullfrog, a centaur and a worker
ant zombie.

Vanquished Creatures
  Pikel (D:5)
  A troll (D:8)
  A hippogriff (D:8)
  A shadow (D:7)
  Edmund (D:6)
  An ice beast (D:5)
  A phantom (D:8)
  An orc warrior (D:6)
  4 slaves (D:4)
  A centaur (D:8)
  2 ogres
  2 gnoll sergeants (D:7)
  2 scorpions (D:4)
  2 howler monkeys
  A bullfrog zombie (D:7)
  6 crimson imps
  2 centaur zombies
  5 hounds
  A centaur skeleton (D:8)
  A jelly (D:8)
  3 orc priests
  An iguana (D:8)
  Terence (D:2)
  2 orc wizards
  2 worker ants
  A hound zombie (D:7)
  6 gnolls (D:7)
  7 adders
  A shadow imp (D:7)
  An ooze (D:6)
  An adder skeleton (D:4)
  2 worms
  A dart slug (D:1)
  4 leopard geckos
  27 orcs
  2 bats (D:2)
  A giant cockroach (D:2)
  3 goblins (D:2)
  5 hobgoblins
  8 jackals
  3 quokkas
  2 frilled lizards (D:3)
  8 kobolds
  3 rats (D:1)
  4 toadstools (D:1)
136 creatures vanquished.

Notes
Turn   | Place    | Note
-------+----------+-------------------------------------------
     0 | D:1      | Banto the Demigod Wanderer began the quest for the Orb.
     0 | D:1      | Banto set off with the following items: a +2 hand axe, a
                  | potion of curing, a +0 robe, a ration {!d}; and the
                  | following spell memorised: Freeze; and the following spells
                  | available to memorise: Throw Frost, Ozocubu's Armour, Throw
                  | Icicle, Ice Form, Summon Ice Beast
     0 | D:1      | Reached XP level 1. HP: 16/16 MP: 4/4
   314 | D:1      | Reached XP level 2. HP: 14/23 MP: 6/6
  1003 | D:2      | Noticed Terence
  1290 | D:2      | Killed Terence
  1290 | D:2      | Reached XP level 3. HP: 22/28 MP: 7/7
  1667 | D:2      | Found a snail-covered altar of Cheibriados.
  1743 | D:2      | Found a hazy altar of Hepliaklqana.
  1769 | D:2      | Found a bloodstained altar of Trog.
  2002 | D:3      | Reached * piety under Demigod
  2002 | D:3      | Reached XP level 4. HP: 31/35 MP: 9/9
  2007 | D:3      | Noticed a phantom
  2067 | D:2      | HP: 1/35 [quokka (2)]
  2069 | D:2      | Gained mutation: You are surrounded by a mild repulsion
                  | field. (EV +2) [potion of mutation]
  2069 | D:2      | Gained mutation: You have a pair of small antennae on your
                  | head. [potion of mutation]
  2069 | D:2      | Gained mutation: You are partially covered in molten
                  | scales. (AC +2) [potion of mutation]
  2069 | D:2      | Gained mutation: You have large cloven feet. [potion of
                  | mutation]
  2430 | D:3      | HP: 1/36 [orc priest/nerve-wracking pain (9)]
  2767 | D:3      | Found an opulent altar of Gozag.
  2767 | D:3      | Found Gozag's Platinum Reserve.
  2907 | D:3      | Reached XP level 5. HP: 32/41 MP: 10/10
  2955 | D:3      | Lost mutation: You have large cloven feet. [potion of
                  | mutation]
  2955 | D:3      | Lost mutation: You have a pair of small antennae on your
                  | head. [potion of mutation]
  2955 | D:3      | Gained mutation: You are resistant to hostile enchantments.
                  | (MR+) [potion of mutation]
  2962 | D:3      | HP: 2/41 [poisoned by an orc]
  3533 | D:4      | Found an ornate altar of the Wu Jian Council.
  3550 | D:4      | Reached XP level 6. HP: 48/51 MP: 11/11
  3628 | D:4      | Found Raunuuw's Book Shoppe.
  3646 | D:4      | Reached ** piety under Demigod
  3675 | D:4      | Reached skill level 5 in Fighting
  3677 | D:4      | Reached XP level 7. HP: 51/61 MP: 12/12
  3736 | D:4      | Noticed Pikel
  3989 | D:5      | Entered Level 5 of the Dungeon
  4024 | D:5      | Killed Pikel
  4056 | D:5      | Found Adauskiatt's Antique Armour Boutique.
  4069 | D:5      | Reached XP level 8. HP: 73/73 MP: 14/14
  4661 | D:6      | Found a radiant altar of Vehumet.
  4681 | D:6      | Noticed a +0 dagger
  4681 | D:6      | Noticed a +0 hand axe
  4701 | D:6      | Found a hide-covered altar of Uskayaw.
  4723 | D:6      | Reached skill level 1 in Invocations
  4786 | D:6      | Noticed Edmund
  4798 | D:6      | Killed Edmund
  4832 | D:6      | Found a stormy altar of Qazlal.
  4842 | D:6      | Found a staircase to the Ecumenical Temple.
  5505 | D:7      | Reached skill level 5 in Armour
  5505 | D:7      | Reached skill level 5 in Invocations
  5644 | D:7      | Reached XP level 9. HP: 74/81 MP: 16/16
  5822 | D:7      | Found a shattered altar of Ashenzari.
  5882 | D:8      | Noticed a troll
  5888 | D:8      | Reached *** piety under Demigod
  5896 | D:8      | Killed a troll
  5995 | D:8      | Found a blossoming altar of Fedhas.
  6055 | D:8      | Noticed a brown ugly thing
  6060 | D:8      | Noticed a red ugly thing
  6064 | D:8      | Reached skill level 5 in Axes
  6072 | D:8      | Slain by a red ugly thing

Skill      XL: |  1  2  3  4  5  6  7  8  9 |
---------------+----------------------------+-----
Armour         | 3 5 |  5.0
Throwing       | 2 |  2.0
Fighting       | 3 5 7 8 |  8.0
Axes           | 2 5 |  5.4
Ice Magic      | 2 |  2.0
Invocations    | 5 8 |  8.0
Shields        | |  1.0
Spellcasting   | |  1.9
Conjurations   | |  1.0

Action                   |  1- 3 |  4- 6 |  7- 9 || total
-------------------------+-------+-------+-------++-------
Melee: Hand axe          |   124 |   144 |   311 ||   579
Throw: Tomahawk          |       |    13 |     9 ||    22
Invok: Growth            |       |       |     1 ||     1
Evoke: Wand              |       |       |     2 ||     2
  Use: Scroll            |     2 |     5 |     5 ||    12
       Potion            |       |     6 |       ||     6
  Eat: Chunk             |     6 |     9 |    19 ||    34
Armor: Robe              |     5 |       |       ||     5
       Chain mail        |    69 |   106 |   225 ||   400
Dodge: Dodged            |    55 |    79 |   154 ||   288
